AoeStats
← RidingRaccoon

Oasis

507123067Analyzed
4v4 RM · 14d ago on Sep 16, 2026· 59m 37s· 8 players
Game mode
Random Map
Map size
Large (8 player)
Population
200
Speed
Normal
Resources
Standard
Victory
Conquest
Starting age
Dark Age
Ending age
Imperial Age
RankedLock teamsTeams togetherTeam positionsShared explorationLock speedFull tech treeHidden civsTurbo modeCheats
Victory
Defeat
🇲🇽 Britons · Mexico
774
+17
🇦🇹 Spanish · Austria
757
+17
🇺🇸 Goths · United States
735
+18
🇮🇹 Maya · Italy
731
+18
🇭🇺 Hindustanis · Hungary
830
-18
🇭🇺 Spanish · Hungary
784
-18
🇻🇳 Byzantines · Vietnam
769
-17
🇭🇺 Franks · Hungary
765
-17
wigfunk
2:54 Loom
10:10 Feudal Age
22:04 Castle Age
20:19 Double-Bit Axe
20:17 Horse Collar
23:20 Fletching
25:56 Bow Saw
25:57 Treadmill Crane
26:40 Caravan
26:24 Crossbowman
28:59 Bodkin Arrow
30:03 Padded Archer Armor
33:08 Elite Skirmisher
34:12 Leather Archer Armor
34:43 Masonry
34:55 Ballistics
35:02 Heavy Plow
36:09 Scale Mail Armor
36:19 Forging
37:03 Wheelbarrow
36:13 Town Watch
37:57 Pikeman
39:08 Chain Mail Armor
39:29 Iron Casting
39:42 Hand Cart
40:12 Murder Holes
41:06 Town Patrol
42:28 Yeomen
45:43 Imperial Age
43:28 Fortified Wall
43:07 Arson
43:23 Squires
46:00 Scale Barding Armor
45:52 Arbalester
45:56 Halberdier
46:51 Light Cavalry
47:46 Warwolf
48:22 Hoardings
48:56 Plate Mail Armor
49:13 Gold Mining
50:50 Conscription
51:44 Elite Longbowman
57:01 Architecture
56:22 Guard Tower
57:33 Chemistry
56:19 Arrowslits
56:40 Siege Engineers
56:37 Bracer
57:08 Ring Archer Armor
Looting
4:38 Loom
12:32 Feudal Age
15:54 Double-Bit Axe
18:40 Forging
21:09 Castle Age
20:39 Scale Mail Armor
20:41 Gold Mining
21:42 Pikeman
22:33 Man-at-Arms
25:01 Forging
33:02 Imperial Age
30:52 Long Swordsman
34:14 Wheelbarrow
34:51 Chemistry
34:33 Padded Archer Armor
34:23 Fletching
35:49 Capped Ram
37:12 Chain Mail Armor
39:18 Scale Barding Armor
42:18 Bodkin Arrow
41:46 Two-Handed Swordsman
45:46 Leather Archer Armor
47:30 Conscription
47:59 Iron Casting
46:48 Champion
47:33 Perfusion
47:20 Horse Collar
47:04 Elite Skirmisher
48:49 Capped Ram
50:05 Ballistics
52:58 Halberdier
54:40 Blast Furnace
53:42 Bracer
57:28 Ring Archer Armor
57:01 Stone Mining
59:56 Anarchy
59:19 Elite Huskarl
Capitano Gert
0:27 Loom
11:09 Feudal Age
18:08 Castle Age
15:55 Horse Collar
18:06 Double-Bit Axe
20:29 Bow Saw
20:47 Heavy Plow
20:57 Stone Mining
24:16 Eagle Warrior
26:33 Caravan
27:38 Pikeman
28:21 Squires
28:13 Town Watch
31:23 Gold Mining
32:09 Stone Shaft Mining
31:43 Scale Mail Armor
31:53 Forging
36:23 Imperial Age
34:32 Wheelbarrow
33:59 Town Patrol
34:21 Ballistics
33:54 Treadmill Crane
34:25 Fortified Wall
34:40 Masonry
35:22 Forging
35:15 Arson
35:50 Chain Mail Armor
37:27 Iron Casting
37:34 Plate Mail Armor
38:11 Two-Man Saw
37:38 Hand Cart
38:06 Crop Rotation
38:42 Chemistry
38:14 Conscription
39:18 Holcans
40:04 Blast Furnace
39:06 Elite Eagle Warrior
44:20 Halberdier
56:03 Elite Skirmisher
56:51 Thumb Ring
RidingRaccoon
11:20 Feudal Age
12:03 Loom
16:25 Castle Age
15:35 Double-Bit Axe
15:57 Horse Collar
21:22 Fletching
22:51 Bodkin Arrow
22:48 Town Watch
24:23 Wheelbarrow
30:32 Bow Saw
30:29 Heavy Plow
30:49 Masonry
33:50 Imperial Age
33:59 Imperial Age
31:48 Hand Cart
31:35 Town Patrol
35:56 Chemistry
35:24 Gold Mining
35:25 Stone Mining
36:40 Two-Man Saw
36:14 Ballistics
36:52 Pikeman
37:32 Squires
37:19 Arson
37:41 Thumb Ring
36:56 Elite Skirmisher
38:08 Scale Barding Armor
38:04 Padded Archer Armor
38:04 Scale Mail Armor
38:15 Forging
38:05 Bracer
38:44 Stone Shaft Mining
39:16 Conscription
39:42 Elite Conquistador
42:07 Hoardings
42:50 Halberdier
43:47 Husbandry
45:28 Caravan
47:57 Bloodlines
52:25 Leather Archer Armor
52:31 Chain Barding Armor
52:26 Chain Mail Armor
52:46 Iron Casting
54:20 Ring Archer Armor
54:24 Architecture
53:50 Murder Holes
53:41 Arrowslits
54:07 Fortified Wall
59:11 Plate Mail Armor
59:41 Blast Furnace
IceboundBull321
0:35 Loom
13:51 Feudal Age
20:16 Castle Age
22:49 Wheelbarrow
26:43 Double-Bit Axe
27:10 Horse Collar
29:15 Hand Cart
31:38 Padded Archer Armor
31:50 Scale Barding Armor
35:33 Husbandry
36:21 Bow Saw
36:16 Heavy Plow
37:01 Squires
37:06 Stone Mining
41:51 Elite Skirmisher
43:01 Chain Barding Armor
42:33 Fletching
42:44 Scale Mail Armor
42:55 Forging
43:56 Crossbowman
47:19 Bodkin Arrow
47:41 Leather Archer Armor
52:08 Thumb Ring
54:48 Imperial Age
52:38 Caravan
57:34 Chemistry
57:13 Bracer
57:50 Iron Casting
57:46 Ring Archer Armor
58:28 Two-Man Saw
OG Sonic
3:52 Loom
11:54 Feudal Age
18:28 Castle Age
17:14 Fletching
17:44 Double-Bit Axe
20:22 Bodkin Arrow
26:20 Wheelbarrow
28:04 Fortified Wall
31:17 Murder Holes
34:22 Forging
36:08 Bow Saw
35:40 Horse Collar
36:14 Scale Mail Armor
38:35 Elite Skirmisher
43:37 Imperial Age
46:41 Shatagni
52:15 Chemistry
53:09 Ballistics
52:54 Bracer
LordPRTKR
1:59 Loom
12:06 Feudal Age
16:06 Castle Age
25:08 Double-Bit Axe
25:07 Horse Collar
27:22 Heavy Plow
27:34 Bow Saw
28:25 Wheelbarrow
31:54 Hand Cart
31:25 Town Watch
32:18 Coinage
34:09 Scale Barding Armor
34:06 Padded Archer Armor
33:56 Fletching
34:39 Squires
34:24 Arson
34:00 Pikeman
36:23 Chain Barding Armor
36:19 Leather Archer Armor
36:04 Scale Mail Armor
36:18 Forging
36:04 Bodkin Arrow
40:45 Imperial Age
41:09 Ballistics
41:11 Caravan
41:29 Caravan
42:00 Banking
41:35 Town Patrol
42:38 Two-Man Saw
42:21 Conscription
42:18 Halberdier
46:05 Elite Conquistador
47:48 Husbandry
48:04 Bloodlines
48:36 Plate Barding Armor
51:09 Chemistry
50:27 Chain Mail Armor
50:48 Iron Casting
suvdan.77
0:44 Loom
12:59 Feudal Age
17:15 Castle Age
28:03 Double-Bit Axe
29:18 Fortified Wall
29:19 Masonry
30:47 Man-at-Arms
31:13 Gambesons
31:14 Pikeman
31:55 Squires
32:15 Forging
32:06 Padded Archer Armor
34:26 Gold Mining
34:51 Bow Saw
38:29 Imperial Age
36:55 Iron Casting
36:20 Scale Mail Armor
36:26 Scale Barding Armor
36:37 Leather Archer Armor
36:12 Fletching
36:19 Long Swordsman
38:34 Cavalier
39:14 Husbandry
40:49 Blast Furnace
40:07 Chain Mail Armor
40:46 Gold Shaft Mining
41:39 Chemistry
41:40 Plate Mail Armor
40:45 Paladin
41:32 Two-Handed Swordsman
43:35 Chain Barding Armor
45:33 Champion
52:19 Plate Barding Armor
52:38 Caravan
Connection lost

Rejoining the realm…

Still unreachable

The connection could not be restored.

Session expired

The server has moved on; the page needs a fresh start.